 Dungeon Crawl Stone Soup version 0.19.1 (webtiles) character file.

627 RedPan the Archer (level 7, -17/55 HPs)
             Began as a Centaur Hunter on Dec 27, 2016.
             Demolished by RedPan's ghost (18 damage)
             ... on level 5 of the Dungeon.
             The game lasted 00:07:49 (3422 turns).

RedPan the Archer (Centaur Hunter)                  Turns: 3422, Time: 00:07:51

Health: -17/55     AC:  5    Str: 15    XL:     7   Next: 23%
Magic:  7/7        EV: 10    Int: 10    God:
Gold:   285        SH:  0    Dex: 11    Spells: 0 memorised, 6 levels left

rFire  . . .     SeeInvis .     w - +1 trident (flame)
rCold  . . .     Gourm    .     B - +0 robe
rNeg   . . .     Faith    .     (no shield)
rPois  +         Spirit   .     A - +0 helmet
rElec  .         Reflect  .     (no cloak)
rCorr  .         Harm     .     (no gloves)
MR     +....                    (no barding)
Stlth  +.........               (no amulet)
                                D - ring of protection from magic
                                x - ring of poison resistance

@: very quick
A: hooves 3, deformed body, speed 2, tough skin 3
a: no special abilities


You were on level 5 of the Dungeon.
You were not hungry.

You visited 1 branch of the dungeon, and saw 5 of its levels.

You collected 285 gold pieces.

Inventory:

Hand Weapons
 a - a +1 shortbow
 b - a +0 short sword
 w - a +1 trident of flaming (weapon)
 y - a +3 whip
Missiles
 d - 41 arrows (quivered)
Armour
 A - a +0 helmet (worn)
 B - a +0 robe (worn)
Jewellery
 m - an uncursed ring of ice
 x - a ring of poison resistance (left hand)
 D - a ring of protection from magic (right hand)
Wands
 z - a wand of enslavement (6/24)
Scrolls
 g - 2 scrolls of magic mapping {unknown}
 h - 7 scrolls of identify {unknown}
 i - a scroll of teleportation {unknown}
 j - a scroll of random uselessness {unknown}
 l - a scroll of fog {unknown}
 p - 4 scrolls of remove curse {unknown}
 q - a scroll of enchant armour {unknown}
 E - a scroll of recharging {unknown}
 F - a scroll of blinking {unknown}
Potions
 e - 2 potions of invisibility {unknown}
 k - a potion of degeneration {unknown}
 n - 3 potions of heal wounds {unknown}
 o - 2 potions of magic {unknown}
 r - a potion of berserk rage {unknown}
 t - a potion of lignification {unknown}
 u - a potion of cure mutation {unknown}
 C - a potion of cancellation {unknown}
 G - a potion of curing {unknown}
Books
 c - a book of Cantrips

   Spells                             Type                      Level
   a - Confusing Touch                Hexes                        1
   b - Animate Skeleton               Necromancy                   1
   c - Summon Small Mammal            Summoning                    1
   d - Apportation                    Translocation                1
Comestibles
 f - 10 bread rations
 s - 4 beef jerkies
 v - 3 fruits


   Skills:
 - Level 2.0 Fighting
 + Level 2.4 Polearms
 - Level 10.0 Bows
 + Level 2.7 Dodging
 - Level 0.4 Stealth


You had 6 spell levels left.
You didn't know any spells.

Dungeon Overview and Level Annotations

Branches:
Dungeon (5/15)
 Temple: D:4-7

Altars:
Gozag

Annotations:
D:5 RedPan's ghost, novice MiHu


Innate Abilities, Weirdness & Mutations

You have hooves in place of feet.
Armour fits poorly on your strangely shaped body.
You cover ground very quickly.
You have extremely tough skin. (AC +3)


Message History

Reactivating autopickup.
You barely miss RedPan's ghost. Your kick misses RedPan's ghost.
RedPan's ghost hits you!
You hit RedPan's ghost.
RedPan's ghost is lightly damaged.
RedPan's ghost hits you. RedPan's ghost hits you!
* * * LOW HITPOINT WARNING * * *
A quokka comes into view.
You closely miss the quokka. The quokka barely misses you.
The sky beast flickers out of sight!
Deactivating autopickup; reactivate with Ctrl-A.
The quokka bites you.
* * * LOW HITPOINT WARNING * * *
You hit the quokka but do no damage. Your kick misses the quokka.
The quokka bites you.
* * * LOW HITPOINT WARNING * * *
You hit the quokka. You burn the quokka.
You kill the quokka!
RedPan's ghost hits you!!
You die...

#> .# #.####.##### ########.#
...........# #..Y.!....
...........#.##########.######..
..>.............@W.........#
...........#.##########.##.#
.....†.....# #.##.##
#..#.......#. ###.##..###..
#............ .............
#..#.......#( ....###.###.#
#..#.......# #######..##.#
#..#.......# #...........#
...#.......# #.######..###


You could see RedPan's ghost.

Vanquished Creatures
  Sigmund (D:2)
  Eustachio (D:4)
  A scorpion (D:4)
  An orc priest (D:3)
  Terence (D:2)
  A worker ant (D:4)
  A worker ant zombie (D:5)
  4 gnolls (D:3)
  7 adders
  2 oozes
  2 worms
  5 dart slugs
  4 leopard geckos
  3 orcs (D:3)
  A giant cockroach (D:3)
  8 goblins
  7 hobgoblins
  3 quokkas
  12 bats
  3 frilled lizards
  9 kobolds
  8 rats
85 creatures vanquished.

Notes
Turn   | Place    | Note
-------+----------+-------------------------------------------
     0 | D:1      | RedPan the Centaur Hunter began the quest for the Orb.
     0 | D:1      | Reached XP level 1. HP: 17/17 MP: 1/1
   117 | D:1      | Reached XP level 2. HP: 24/24 MP: 2/2
   196 | D:1      | Reached skill level 6 in Bows
   414 | D:1      | Reached XP level 3. HP: 29/29 MP: 3/3
   694 | D:2      | Reached skill level 7 in Bows
   764 | D:2      | Found an opulent altar of Gozag.
   795 | D:2      | Noticed Sigmund
   802 | D:2      | Killed Sigmund
   802 | D:2      | Reached skill level 9 in Bows
   802 | D:2      | Reached XP level 4. HP: 28/36 MP: 4/4
   802 | D:2      | Reached XP level 5. HP: 32/41 MP: 5/5
  1104 | D:2      | Noticed Terence
  1134 | D:2      | Killed Terence
  1628 | D:3      | Reached XP level 6. HP: 40/48 MP: 6/6
  1924 | D:3      | Reached skill level 10 in Bows
  2562 | D:4      | Noticed Eustachio
  2575 | D:4      | Reached skill level 1 in Polearms
  2592 | D:4      | Killed Eustachio
  2592 | D:4      | Reached XP level 7. HP: 34/55 MP: 7/7
  3224 | D:5      | Entered Level 5 of the Dungeon
  3404 | D:5      | Noticed RedPan's ghost (novice MiHu)
  3421 | D:5      | HP: 1/55 [quokka (4)]
  3422 | D:5      | Demolished by RedPan's ghost

Skill      XL: |  1  2  3  4  5  6 |
---------------+-------------------+-----
Bows           | 6 9 10 | 10.0
Polearms       | 2 |  2.4
Dodging        | 2 |  2.7
Fighting       | |  2.0
Stealth        | |  0.4

Action                   |  1- 3 |  4- 6 |  7- 9 || total
-------------------------+-------+-------+-------++-------
Melee: Trident           |       |    91 |    45 ||   136
       Kick              |       |     9 |    10 ||    19
 Fire: Shortbow          |    88 |    66 |       ||   154
  Eat: Chunk             |       |     4 |     2 ||     6
Armor: Leather armour    |    11 |    19 |       ||    30
       Robe              |       |    18 |     6 ||    24
Dodge: Dodged            |    11 |    52 |    22 ||    85
